Map: 伊菲莫隆 - 天梯版

Players

IIIIIIII

  • Race: Protoss Protoss
  • League: Grandmaster
  • Spawn Location: 11:00

llllllllllll - Winner!

  • Race: Terran Terran
  • League: Grandmaster
  • Spawn Location: 5:00

VOD

Have the link to the VOD?

Description

Time

  • Played on: Jan. 22, 2020, 11:08 a.m.
  • Length: 9:26
Show
View Real Time Build Order
Export as new Build Order

IIIIIIII Protoss 

Build Orders: 1 Gate Expand, Oracle Opening, Blink Stalkers, Zealot Archon 

Get SALT Encoding   

  12  0:01  Probe  
  13  0:13  Probe  
  14  0:18  Pylon  
  14  0:25  Probe (Chrono Boost)  
  15  0:37  Probe (Chrono Boost)  
  15  0:41  Gateway  
  16  0:46  Probe (Chrono Boost)  
  16  0:48  Assimilator  
  17  0:52  Probe  
  18  1:04  Probe  
  19  1:16  Probe  
  20  1:31  Cybernetics Core  
  20  1:37  Nexus  
  20  1:39  Probe  
  21  1:44  Pylon  
  20  1:51  Probe (Chrono Boost)  
  20  1:52  Assimilator  
  21  2:03  Probe (Chrono Boost)  
  21  2:05  Adept (Chrono Boost)  
  24  2:09  Warp Gate  
  24  2:11  Probe (Chrono Boost)  
  25  2:17  Pylon, Probe  
  26  2:28  Sentry  
  28  2:31  Probe  
  29  2:43  Twilight Council, Probe  
  30  2:49  Probe (Chrono Boost), Oracle  
  32  3:00  Probe (Chrono Boost)  
  32  3:02  Probe (Chrono Boost)  
  33  3:08  Probe (Chrono Boost)  
  33  3:10  Probe (Chrono Boost)  
  35  3:16  Probe, Blink (Chrono Boost)  
  35  3:17  Gateway  
  35  3:19  Probe  
  37  3:28  Probe  
  37  3:31  Probe  
  37  3:33  Assimilator  
  39  3:36  Robotics Facility  
  39  3:40  Probe  
  40  3:43  Probe  
  40  3:44  Assimilator  
  41  3:49  Pylon  
  41  3:52  Probe  
  42  3:56  Shield Battery  
  42  3:57  Pylon  
  42  4:00  Probe  
  43  4:04  Probe  
  44  4:14  Nexus  
  44  4:16  Probe  
  45  4:19  Stalker  
  45  4:21  Sentry  
  45  4:24  Observer (Chrono Boost)  
  50  4:26  Probe  
  50  4:28  Probe  
  52  4:31  Shield Battery  
  52  4:39  Gateway  
  52  4:41  Gateway  
  52  4:42  Gateway  
  52  4:44  Gateway  
  49  4:54  Stalker x2  
  51  5:02  Probe x2  
  53  5:09  Charge  
  53  5:14  Probe x2  
  53  5:18  Observer, Forge  
  56  5:26  Probe x3  
  59  5:30  Pylon  
  59  5:32  Forge  
  59  5:37  Sentry  
  59  5:38  Probe (Chrono Boost)  
  59  5:39  Sentry, Probe x2 (Chrono Boost)  
  66  5:47  Observer  
  70  5:50  Probe (Chrono Boost)  
  70  5:51  Protoss Ground Weapons Level 1 (Chrono Boost), Probe x2 (Chrono Boost)  
  70  5:54  Pylon  
  70  5:56  Probe x3 (Chrono Boost)  
  71  5:58  Stalker  
  75  6:04  Protoss Ground Armor Level 1 (Chrono Boost), Probe  
  75  6:11  Gateway x2  
  76  6:13  Templar Archives  
  76  6:17  Gateway  
  76  6:21  Gateway  
  76  6:25  Pylon  
  76  6:26  Pylon  
  74  6:34  Probe x3  
  74  6:35  Stalker x2  
  78  6:44  Photon Cannon  
  73  6:48  Stalker x2  
  73  6:51  Photon Cannon  
  78  6:54  Probe (Chrono Boost)  
  78  6:55  Probe (Chrono Boost)  
  78  6:57  Photon Cannon  
  78  7:00  Pylon  
  80  7:02  Probe (Chrono Boost)  
  80  7:10  Probe (Chrono Boost)  
  80  7:11  Probe x2 (Chrono Boost)  
  83  7:15  Probe x2 (Chrono Boost)  
  83  7:16  Probe, Shield Battery  
  86  7:26  Photon Cannon  
  86  7:28  Probe  
  87  7:31  Gateway  
  87  7:32  Pylon  
  87  7:34  Assimilator  
  87  7:35  Assimilator  
  87  7:37  High Templar x4  
  87  7:41  Zealot x3  
  99  7:46  Archon x2  
  99  7:49  Zealot x2  
  103  8:02  Zealot x3  
  109  8:09  Robotics Bay  
  109  8:12  Zealot x5  
  114  8:13  Zealot  
  114  8:19  Observer  
  94  8:30  Zealot x4  
  100  8:35  Zealot  
  100  8:36  Zealot x4  
  106  8:54  Zealot x5  
  112  9:00  Stalker x2  
  112  9:01  Stalker x3  
  98  9:15  High Templar  
  98  9:16  High Templar x3  
  97  9:18  High Templar  
Show
View Real Time Build Order
Export as new Build Order

llllllllllll Terran - Winner!

Build Orders: Reaper Expand, Banshee Rush 

Get SALT Encoding   

  12  0:00  SCV  
  13  0:13  SCV  
  14  0:17  Supply Depot  
  14  0:25  SCV  
  15  0:38  SCV  
  15  0:40  Barracks  
  16  0:44  Refinery  
  16  0:50  SCV  
  17  1:03  SCV  
  18  1:15  SCV  
  19  1:27  Orbital Command, Reaper  
  20  1:45  Command Center  
  20  1:53  SCV  
  21  1:55  Supply Depot  
  21  1:59  Marine  
  22  2:05  SCV  
  23  2:09  Factory  
  23  2:15  Refinery  
  23  2:17  SCV  
  23  2:20  Barracks Reactor  
  24  2:29  SCV  
  25  2:31  Bunker  
  25  2:41  SCV  
  26  2:53  SCV  
  26  2:56  Starport, Factory Tech Lab  
  26  2:58  Orbital Command  
  26  3:05  SCV  
  26  3:07  Marine x2  
  29  3:17  SCV  
  30  3:23  Widow Mine  
  30  3:24  SCV  
  30  3:25  Marine x2  
  35  3:30  SCV  
  36  3:36  Supply Depot, SCV  
  36  3:38  Medivac  
  39  3:41  Cloaking Field  
  39  3:42  SCV  
  39  3:44  Widow Mine  
  39  3:48  Marine x2, SCV  
  45  3:54  SCV  
  46  4:00  SCV  
  46  4:02  Supply Depot  
  47  4:06  SCV  
  47  4:08  Banshee  
  51  4:11  Factory Tech Lab  
  51  4:12  SCV  
  51  4:14  Supply Depot  
  54  4:21  SCV  
  53  4:24  SCV  
  53  4:25  Command Center  
  54  4:31  Supply Depot  
  54  4:32  Siege Tank  
  54  4:33  SCV  
  54  4:37  SCV  
  59  4:39  Marine  
  59  4:40  Marine  
  61  4:46  SCV  
  61  4:49  SCV  
  61  4:52  Banshee  
  64  4:58  SCV  
  66  5:01  SCV  
  64  5:10  SCV  
  64  5:13  Factory Reactor, Barracks, SCV  
  66  5:15  Refinery x2  
  66  5:16  Engineering Bay  
  66  5:19  Barracks  
  66  5:22  Marauder, SCV, Stimpack  
  66  5:25  SCV  
  66  5:26  Supply Depot  
  70  5:34  SCV  
  71  5:37  SCV, Orbital Command  
  72  5:44  Starport Reactor  
  72  5:46  SCV, Barracks  
  72  5:47  Barracks  
  78  5:50  Marauder, SCV, Widow Mine x2  
  78  5:55  Supply Depot, Terran Infantry Weapons Level 1  
  80  5:58  SCV  
  80  6:01  Marine  
  80  6:02  Marine  
  83  6:08  Supply Depot  
  83  6:11  Barracks Reactor  
  83  6:13  Widow Mine x2  
  83  6:14  Marauder  
  83  6:18  Supply Depot  
  89  6:19  Medivac  
  89  6:20  Medivac  
  93  6:32  Supply Depot  
  93  6:35  Marauder  
  93  6:38  Barracks Tech Lab  
  95  6:43  Supply Depot x2  
  95  6:44  Orbital Command  
  95  6:48  Marine x4  
  95  6:49  Combat Shield  
  95  6:50  Marauder  
  95  6:53  Widow Mine x2, Medivac  
  107  6:57  Marauder  
  107  6:58  Marauder  
  111  7:01  SCV  
  111  7:02  SCV  
  111  7:05  Supply Depot  
  111  7:06  Marine x4  
  111  7:07  Concussive Shells  
  117  7:11  Marauder  
  119  7:18  Marauder  
  119  7:19  Marauder  
  119  7:21  Widow Mine  
  119  7:22  Widow Mine  
  127  7:23  SCV x3  
  127  7:24  Marine x4, Supply Depot  
  134  7:31  Supply Depot  
  134  7:33  Marauder, Supply Depot  
  136  7:39  Marauder  
  136  7:41  Marauder, Marine  
  136  7:42  Marine  
  142  7:46  Medivac  
  142  7:48  Marine x2  
  146  7:54  Marauder  
  148  7:59  Marine x2  
  148  8:01  Marauder  
  148  8:02  Marauder  
  148  8:05  Medivac  
  154  8:06  Marine x2  
  154  8:10  Supply Depot x2  
  156  8:15  Marauder  
  156  8:17  Marine x2  
  160  8:22  Marauder  
  160  8:23  Marauder, Marine  
  160  8:24  Marine, SCV x2  
  154  8:28  Widow Mine x2  
  154  8:29  SCV  
  154  8:31  Medivac  
  161  8:35  Marine x2  
  161  8:36  SCV x2  
  161  8:37  Marauder  
  167  8:41  Marine x2  
  167  8:44  Marauder  
  167  8:45  Marauder  
  173  8:49  Widow Mine x2  
  173  8:53  Marine x2  
  173  8:54  Medivac  
  177  8:58  Marauder  
  177  8:59  Marine x2  
  182  9:05  Marauder  
  182  9:21  Supply Depot  
  182  9:23  Supply Depot  
Tags
 
Add a new tag
Caveats
  • Supply blocks, unpowered buildings, or Contaminate may cause inaccurate times.
  • Supply counts are checked every 10 seconds.